 Dungeon Crawl Stone Soup version 0.29.1-15-g9cfb28693d (webtiles) character file.

Game seed: 11796354026397340220

13897 Eitelfritz the Covert (level 11, -2/84 HPs)
             Began as a Demonspawn Brigand on Apr 25, 2023.
             Was an Elder of Dithmenos.
             Killed from afar by Fannar (25 damage)
             ... with a bolt of cold
             ... on level 11 of the Dungeon.
             The game lasted 00:33:05 (12784 turns).

Eitelfritz the Covert (Demonspawn Brigand)         Turns: 12784, Time: 00:33:06

Health: -2/84      AC: 17    Str: 13    XL:     11   Next: 81%
Magic:  12/12      EV: 16    Int: 12    God:    Dithmenos [****..]
Gold:   1247       SH:  4    Dex: 18    Spells: 9/10 levels left

rFire   . . .      SeeInvis +   b - +8 great sword (venom)
rCold   . . .      Faith    +   (shield currently unavailable)
rNeg    + . .      Spirit   .   M - +0 troll leather armour
rPois   .          Reflect  .   (helmet unavailable)
rElec   .          Harm     .   c - +1 cloak
rCorr   .          Rampage  .   z - +2 pair of gloves
Will    ++...                   (no boots)
Stlth   +++++++...              P - amulet "Vegeul" {Faith Fragile rN+ Will++}
HPRegen 1.04/turn               v - +4 ring of protection
MPRegen 0.13/turn               y - ring of see invisible

@: wreathed by umbra
A: horns 3, icemail 1, sturdy frame 1, condensation shield
a: Renounce Religion, Shadow Step


You were on level 11 of the Dungeon.
You worshipped Dithmenos.
Dithmenos was greatly pleased with you.
You visited 2 branches of the dungeon, and saw 12 of its levels.

You collected 1437 gold pieces.
You spent 190 gold pieces at shops.

Inventory:

Hand Weapons
 a - the +2 dagger of Ratsutid {venom, Will+ Stlth+}
   (You found it on level 8 of the Dungeon)

   It poisons the flesh of those it strikes.
   Will:      It increases your willpower.
   Stlth:     It makes you more stealthy.
 b - a +8 great sword of venom (weapon)
 q - a +0 sling
 t - a +4 hand axe of flaming
 E - a +3 short sword
 O - a +2 dagger of venom
Missiles
 d - 73 poisoned darts (quivered)
 e - 4 curare-tipped darts
 J - a throwing net
Armour
 c - a +1 cloak (worn)
 z - a +2 pair of gloves (worn)
 D - a +0 buckler
 M - a +0 troll leather armour (worn)
 N - a +0 pair of boots
Jewellery
 g - a ring of fire
 i - a +6 ring of intelligence
 v - a +4 ring of protection (left hand)
 w - an amulet of magic regeneration
 y - a ring of see invisible (right hand)
 H - a +6 ring of intelligence
 P - the amulet "Vegeul" (around neck) {Faith Fragile rN+ Will++}
   (You found it on level 8 of the Dungeon)

   [amulet of faith]

   It allows you to gain divine favour quickly.
   rN:        It protects you from negative energy.
   Fragile:   It will be destroyed if unequipped.
   Will:      It greatly increases your willpower.
Wands
 k - a wand of flame (9)
 l - a wand of quicksilver (9)
 K - a wand of charming (11)
Scrolls
 h - 3 scrolls of noise {unknown}
 n - a scroll of blinking
 o - a scroll of vulnerability {unknown}
 B - 2 scrolls of enchant armour
 C - a scroll of summoning
 G - 2 scrolls of magic mapping
 I - 3 scrolls of identify
 S - a scroll of teleportation
Potions
 f - 8 potions of attraction
 j - 2 potions of heal wounds
 m - 2 potions of magic
 p - 3 potions of mutation
 r - 5 potions of curing
 s - 5 potions of flight
 u - a potion of lignification
 x - 2 potions of resistance
 A - 2 potions of brilliance {unknown}
 F - a potion of haste
 L - 2 potions of invisibility
 Q - 2 potions of berserk rage {unknown}
 R - a potion of ambrosia
 T - 2 potions of experience {unknown}


   Skills:
 + Level 7.0 Fighting
 + Level 8.3(9.1) Short Blades
 + Level 5.4(7.7) Long Blades
 + Level 3.1 Throwing
 + Level 7.7 Dodging
 + Level 10.7 Stealth
 + Level 4.7 Shields
 * Level 2.4 Invocations


You had 9 spell levels left.
You knew the following spells:

 Your Spells              Type           Power      Damage    Failure   Level
a - Magic Dart            Conj           0%         1d3       34%         1

Your spell library contained the following spells:

 Spells                   Type           Power      Damage    Failure   Level
 Shock                    Conj/Air       0%         1d3       34%         1
 Confusing Touch          Hex            0%         N/A       71%         3
 Swiftness                Air            0%         N/A       71%         3
 Airstrike                Air            0%         2d(0-16)  98%         4
 Cause Fear               Hex            0%         N/A       98%         4
 Corpse Rot               Necr/Pois/Air  0%         N/A       98%         4
 Dispel Undead            Necr           0%         3d6       98%         4
 Yara's Violent Unravell  Hex/Tmut       0%         3d3       100%        5
 Death Channel            Necr           0%         N/A       100%        6
 Dragon Form              Tmut           0%         N/A       100%        7
 Enfeeble                 Hex            0%         N/A       100%        7
 Dragon's Call            Summ           0%         N/A       100%        9


Dungeon Overview and Level Annotations

Branches:
Dungeon (11/15)            Temple (1/1) D:6            Lair (0/5) D:10
    Orc (0/2) D:10

Altars:
Ashenzari
Cheibriados
Dithmenos
Fedhas
Gozag
Hepliaklqana
Kikubaaqudgha
Makhleb
Nemelex Xobeh
Okawaru
Qazlal
Ru
Sif Muna
Trog
Uskayaw
Vehumet
Wu Jian
Xom
Yredelemnul

Shops:
D:4 ?*[:(

Annotations:
D:6 3 runed translucent doors, Gabide's ghost, novice HuAr
D:9 2 transporters
D:11 Fannar


Innate Abilities, Weirdness & Mutations

You have a pair of large horns on your head.
A meltable icy envelope protects you from harm. (AC +4)
Your movements are slightly less encumbered by armour. (ER -2)
A meltable shield of frost defends you. (SH +4)


Message History

Fannar barely misses you.
You closely miss Fannar. You headbutt Fannar, but do no damage.
Fannar is lightly wounded.
Fannar completely misses you.
You barely miss Fannar.
Fannar is lightly wounded.
Fannar points at you and mumbles some strange words.
The bolt of cold hits you!!
You barely miss Fannar. Your headbutt misses Fannar.
Fannar is lightly wounded.
Fannar closely misses you.
Fannar says, "Freeze!"
Fannar misses you.
You barely miss Fannar. Your headbutt misses Fannar.
Fannar is lightly wounded.
Fannar mumbles some strange words.
Fannar drains the heat from the surrounding environment!
You hit Fannar but do no damage.
Fannar looks even sicker.
Your headbutt misses Fannar.
Fannar is lightly wounded.
Your shadow misses Fannar.
Fannar gestures wildly while chanting.
You slash Fannar!
Fannar looks as sick as possible!
You headbutt Fannar!
Fannar is moderately wounded.
Fannar hits you with a +0 quarterstaff of freezing!
Fannar freezes you.
You slash Fannar!
Fannar looks as sick as possible!
Fannar is heavily wounded.
Fannar gestures at you while chanting. The bolt of cold hits you!!
* * * LOW HITPOINT WARNING * * *
You hit the ice beast.
The ice beast is moderately wounded.
The ice beast completely misses you.
You slash the ice beast! Your headbutt misses the ice beast.
The ice beast is severely wounded.
Fannar casts a spell at you.
The bolt of cold hits the ice beast.
The ice beast completely resists.
The bolt of cold hits you!!
You die...

#.....##..######.
.................
##.##.#...........
#.. #...#..#####..
#.# #.##..## #.#
#.# #.##...# #.#
#e####.##...# #.#
#Y#.........# #.#
#@#..###....####.#
#.#..# #.....<....
#.#..###.##.####.#
#................#
###.#...########.#
#.#...## #####.#
#......###......
##.......#...#...
#.^........#..[#.


You could see Fannar (extremely poisoned) and an ice beast (summoned).

Vanquished Creatures
  A deep elf pyromancer (D:9)
  Pikel (D:8)
  A cyclops (D:11)
  An ugly thing (D:7)
  Maurice (D:9)
  2 unseen horrors
  Psyche (D:8)
  2 trolls
  2 hornets (D:9)
  Grinder (D:3)
  4 wraiths
  A vampire (D:11)
  18 yaks
  2 wyverns
  3 steam dragons
  An acid dragon (D:10)
  A water moccasin (D:7)
  5 sky beasts
  5 black bears
  3 orc warriors
  2 ice beasts
  An ogre (D:4)
  3 lemures (D:8)
  4 centaurs
  5 kobold brigands
  7 bullfrogs
  A gnoll sergeant (D:6)
  A necrophage (D:7)
  4 scorpions
  25 wights
  2 electric eels (D:10)
  5 howler monkeys
  5 hounds
  13 orc priests
  Natasha (thrice) (D:3)
  3 iguanas
  20 orc wizards
  3 gnolls (D:6)
  5 adders
  A shadow imp (D:7)
  An ufetubus (D:5)
  4 worms
  4 dart slugs
  33 orcs
  8 ball pythons
  7 bats
  8 endoplasms
  3 giant cockroaches (D:2)
  4 hobgoblins
  2 jackals (D:4)
  27 kobolds
  4 quokkas
  9 goblins
  7 rats
290 creatures vanquished.

Vanquished Creatures (others)
  A bullfrog (D:8)
  2 orc wizards (D:8)
  2 orcs (D:8)
  6 plants
  7 withered plants (D:2)
18 creatures vanquished.

Grand Total: 308 creatures vanquished

Notes
Turn   | Place    | Note
-------+----------+-------------------------------------------
     0 | D:1      | Eitelfritz the Demonspawn Brigand began the quest for the
                  | Orb.
     0 | D:1      | Reached XP level 1. HP: 16/16 MP: 1/1
   227 | D:1      | Gained mutation: A meltable shield of frost defends you.
                  | (SH +4) [demonic ancestry]
   227 | D:1      | Reached XP level 2. HP: 22/22 MP: 2/2
   288 | D:1      | Reached skill level 4 in Stealth
   745 | D:1      | Gained mutation: You have a pair of small horns on your
                  | head. [demonic ancestry]
   745 | D:1      | Reached XP level 3. HP: 26/27 MP: 3/3
   796 | D:2      | Reached skill level 1 in Dodging
   895 | D:2      | Found a faded altar of an unknown god.
  1139 | D:2      | Gained mutation: You have a pair of horns on your head.
                  | [demonic ancestry]
  1139 | D:2      | Reached XP level 4. HP: 33/33 MP: 4/4
  1734 | D:3      | Noticed a scorpion
  1740 | D:3      | Killed a scorpion
  1741 | D:3      | Reached skill level 5 in Stealth
  1741 | D:3      | Gained mutation: Your movements are slightly less
                  | encumbered by armour. (ER -2) [demonic ancestry]
  1741 | D:3      | Reached XP level 5. HP: 39/39 MP: 5/5
  1760 | D:3      | Noticed Natasha
  1778 | D:3      | Killed Natasha
  2186 | D:3      | Noticed Grinder
  2204 | D:3      | Paralysed by Grinder for 2 turns
  2220 | D:3      | Killed Grinder
  2221 | D:3      | Reached skill level 6 in Stealth
  2221 | D:3      | Reached XP level 6. HP: 26/46 MP: 6/6
  2649 | D:3      | Noticed Natasha
  2655 | D:3      | Killed Natasha
  2657 | D:3      | Noticed Natasha
  2668 | D:3      | Killed Natasha
  3467 | D:4      | Reached XP level 7. HP: 17/51 MP: 7/7
  3816 | D:4      | Found Buughus's Antique Armour Shoppe.
  3861 | D:4      | Found Winwuump's Assorted Antiques.
  3893 | D:4      | Found Wuran's Weapon Boutique.
  3896 | D:4      | Found Mate's Book Boutique.
  3926 | D:4      | HP: 1/51 [ogre/+0 giant club (13)]
  3942 | D:4      | Found Tesaigoc's Magic Scroll Emporium.
  3945 | D:4      | Reached skill level 1 in Shields
  4707 | D:4      | Bought a scroll labelled XEBUNI NOBA for 19 gold pieces
  4707 | D:4      | Bought a scroll labelled BUISOB YDAOSTU for 19 gold pieces
  4707 | D:4      | Bought a scroll labelled DACVES EXKIUS for 19 gold pieces
  4707 | D:4      | Bought a scroll labelled GOOTOIJATO for 19 gold pieces
  4707 | D:4      | Bought a dented golden amulet for 95 gold pieces
  4707 | D:4      | Bought a scroll labelled SEUJAG YSHO for 19 gold pieces
  4829 | D:5      | Entered Level 5 of the Dungeon
  5291 | D:5      | Reached XP level 8. HP: 58/58 MP: 8/8
  5402 | D:5      | Reached skill level 5 in Short Blades
  5504 | D:5      | Found a hazy altar of Hepliaklqana.
  5924 | D:5      | Reached skill level 7 in Stealth
  6543 | D:6      | Noticed a troll
  6547 | D:6      | Killed a troll
  6548 | D:6      | Gained mutation: You have a pair of large horns on your
                  | head. [demonic ancestry]
  6548 | D:6      | Reached XP level 9. HP: 65/65 MP: 9/9
  6611 | D:6      | Reached skill level 8 in Stealth
  6761 | D:6      | Found a runed translucent gate.
  6761 | D:6      | Found a runed translucent gate.
  6762 | D:6      | Found a runed translucent gate.
  6764 | D:6      | Noticed Gabide's ghost (novice HuAr)
  7142 | D:6      | HP: 1/66 [yak (9)]
  7148 | D:6      | Reached skill level 5 in Dodging
  7767 | D:6      | Reached skill level 5 in Fighting
  7767 | D:6      | Reached skill level 9 in Stealth
  8215 | D:6      | Found a staircase to the Ecumenical Temple.
  8432 | Temple   | Entered the Ecumenical Temple
  8432 | Temple   | Found a transporter.
  8432 | Temple   | Found a transporter.
  8434 | Temple   | Found a transporter.
  8434 | Temple   | Found a transporter.
  8453 | Temple   | Became a worshipper of Dithmenos the Shadowed
  8550 | D:7      | Gained mutation: A meltable icy envelope protects you from
                  | harm. (AC +4) [demonic ancestry]
  8550 | D:7      | Reached XP level 10. HP: 50/73 MP: 10/10
  8736 | D:7      | Reached skill level 1 in Long Blades
  9462 | D:7      | Reached * piety under Dithmenos
  9499 | D:7      | Noticed a brown ugly thing
  9521 | D:7      | Killed a brown ugly thing
  9746 | D:8      | Found a radiant altar of Vehumet.
  9755 | D:8      | Got Vehumet's Directory of Striking
  9758 | D:8      | Learned a level 1 spell: Magic Dart
  9759 | D:8      | Found an ancient bone altar of Kikubaaqudgha.
  9760 | D:8      | Found a shimmering blue altar of Sif Muna.
  9780 | D:8      | Found an iron altar of Okawaru.
  9964 | D:8      | Noticed Pikel
 10067 | D:8      | Noticed Psyche
 10074 | D:8      | Killed Psyche
 10092 | D:8      | Identified the +2 dagger of Ratsutid {venom, Will+ Stlth+}
 10120 | D:8      | Killed Pikel
 10121 | D:8      | Reached skill level 10 in Stealth
 10257 | D:8      | Reached XP level 11. HP: 79/81 MP: 11/11
 10270 | D:8      | Reached ** piety under Dithmenos
 10289 | D:8      | Identified the +2 leather armour "Xeviz" {Regen+}
 10326 | D:8      | Identified the amulet "Vegeul" {Faith Fragile rN+ Will++}
 10624 | D:8      | Acquired 699 gold pieces
 10629 | D:9      | Noticed a +0 dagger
 10630 | D:9      | Noticed a +0 spear
 10630 | D:9      | Noticed a +0 falchion
 10638 | D:9      | Noticed a +0 falchion
 10639 | D:9      | Noticed a +0 short sword
 10640 | D:9      | Noticed a +0 dagger
 10646 | D:9      | Noticed a deep elf pyromancer
 10682 | D:9      | Killed a deep elf pyromancer
 10698 | D:9      | Paralysed by a hornet for 1 turns
 10699 | D:9      | Noticed a +0 short sword
 10787 | D:9      | Found a hide-covered altar of Uskayaw.
 10787 | D:9      | Noticed a +0 spear
 10891 | D:9      | Found a transporter.
 10894 | D:9      | Noticed a boulder beetle
 10896 | D:9      | Found a transporter.
 10923 | D:9      | Noticed Maurice
 10939 | D:9      | Killed Maurice
 11022 | D:9      | Found a shimmering altar of Xom.
 11176 | D:9      | Found a sparkling altar of Nemelex Xobeh.
 11238 | D:9      | Reached *** piety under Dithmenos
 11490 | D:10     | Entered Level 10 of the Dungeon
 11615 | D:10     | Found a staircase to the Lair.
 11626 | D:10     | Found a snail-covered altar of Cheibriados.
 11655 | D:10     | Found a staircase to the Orcish Mines.
 12169 | D:10     | Found a stormy altar of Qazlal.
 12600 | D:11     | Reached skill level 5 in Long Blades
 12600 | D:11     | Reached skill level 1 in Invocations
 12648 | D:11     | Reached **** piety under Dithmenos
 12767 | D:11     | Noticed Fannar
 12784 | D:11     | Killed from afar by Fannar

Illustrated notes

Levels and vault maps discovered:
D:1:      dpeg_arrival_shrine, layout_basic
D:2:      layout_loops_cross, shapermc_ecumenical_altar_flowoftime
D:3:      layout_loops_cross, hangedman_decor_lopped, uniq_natasha, uniq_grinder
D:4:      layout_basic, serial_shops, nicolae_shop_advertising_works
          [nicolae_subvault_shop_adworks], nicolae_stop_n_shop_1,
          nicolae_inconvenience_store, shop, nicolae_take_the_stairs
D:5:      layout_basic, mainiacjoe_overflow_two_lobes,
          kennysheep_generic_room_15
D:6:      layout_basic, minmay_temple_entry_arrows, ebering_ghost_rock_garden
D:7:      layout_basic, minmay_shattered_shrine
D:8:      minmay_flawed_box, layout_loops_cross,
          grunt_temple_overflow_magic_moments,
          mainiacjoe_overflow_six_doors_small, uniq_pikel, uniq_psyche
D:9:      layout_small_grid, gammafunk_temple_overflow_arena,
          nicolae_uskayaw_en_pointe, nemelex_spade_bored_becter,
          minmay_circle_x, uniq_maurice
D:10:     layout_basic, mainiacjoe_overflow_alcove_4,
          mainiacjoe_overflow_surrounded_room, orc_0_dummy
D:11:     layout_loops_ring, uniq_fannar
Temple:   hellmonk_temple_divided_pantheon

Skill      XL: |  1  2  3  4  5  6  7  8  9 10 11 |
---------------+----------------------------------+-----
Throwing       | 2 3 |  3.1
Stealth        | 4 5 6 7 9 10 | 10.7
Dodging        | 1 2 3 5 6 7 |  7.7
Short Blades   | 2 3 4 6 7 8 |  8.3
Shields        | 1 2 3 4 |  4.7
Fighting       | 3 4 5 6 7 |  7.0
Long Blades    | 3 5 |  5.4
Invocations    | 2 |  2.4

Action                   |  1- 3 |  4- 6 |  7- 9 | 10-12 || total
-------------------------+-------+-------+-------+-------++-------
Melee: Dagger            |   143 |   200 |   285 |   397 ||  1025
       Headbutt          |    21 |    40 |    95 |   129 ||   285
       Punch             |       |     3 |     3 |     3 ||     9
       Short sword       |       |       |    94 |       ||    94
       Great sword       |       |       |     5 |   108 ||   113
Throw: Dart              |       |       |    12 |       ||    12
  Use: Scroll            |       |     8 |     7 |    11 ||    26
       Potion            |       |       |     4 |     1 ||     5
 Stab: Sleeping          |    10 |     7 |    15 |    25 ||    57
       Distracted        |       |     3 |     1 |       ||     4
       Invisible         |       |       |       |     1 ||     1
Armor: Robe              |    11 |    38 |    90 |    19 ||   158
       Troll leather arm |       |       |       |   171 ||   171
Dodge: Dodged            |    46 |    47 |   154 |   412 ||   659
Block: Other             |     5 |    14 |    47 |    62 ||   128
